 Dungeon Crawl Stone Soup version 0.21.0-3-g78d12a8 (webtiles) character file.

54 tidbits the Sneak (level 3, -11/24 HPs)
             Began as an Octopode Air Elementalist on Jan 10, 2018.
             Killed from afar by Sigmund (13 damage)
             ... with a puff of flame
             ... on level 2 of the Dungeon.
             The game lasted 00:06:43 (845 turns).

tidbits the Sneak (Octopode Air Elementalist)        Turns: 845, Time: 00:06:44

Health: -11/24     AC:  1    Str:  7 (8)  XL:     3   Next: 91%
Magic:  5/5        EV: 13    Int: 19 (22) God:
Gold:   47         SH:  3    Dex: 11 (12) Spells: 5/6 levels left

rFire    . . .     SeeInvis .   a - +0 dagger
rCold    . . .     Gourm    .   g - +0 buckler
rNeg     . . .     Faith    .   (helmet restricted)
rPois    .         Spirit   .   (no amulet)
rElec    .         Reflect  .   e - ring of teleportation (curse)
rCorr    .         Harm     .   (no ring)
MR       .....     Rnd*Tele +   (no ring)
Stlth    +++.......             (no ring)
HPRegen  0.08/turn              (no ring)
MPRegen  0.09/turn              (no ring)
                                (no ring)
                                (no ring)

@: brilliant, berserk cooldown, very slightly contaminated, slowed, invisible,
very slow
A: almost no armour, stealthy swim, amphibious, 8 rings, constrict 8, tentacle
spike 1, camouflage 1, low mp 1, wild magic 1, gelatinous body 1
a: no special abilities


You were on level 2 of the Dungeon.
You were hungry.

You visited 1 branch of the dungeon, and saw 3 of its levels.

You collected 47 gold pieces.

Inventory:

Hand Weapons
 a - a +0 dagger (weapon)
 d - a +0 hunting sling
Missiles
 f - a throwing net (quivered) {!f}
 h - 24 stones
 j - 28 arrows
Armour
 g - a +0 buckler (worn)
Jewellery
 e - a cursed ring of teleportation (left tentacle)
   (You found it on level 1 of the Dungeon)
Potions
 c - a potion of flight
 l - a potion of berserk rage
Books
 o - a book of Air

   Spells                             Type                      Level
   a - Shock                          Conjuration/Air              1
   b - Swiftness                      Charms/Air                   2
   c - Static Discharge               Conjuration/Air              3
   d - Airstrike                      Air                          4
   e - Lightning Bolt                 Conjuration/Air              5
Comestibles
 b - 2 rations
 i - a chunk of flesh


   Skills:
 + Level 1.9 Fighting
 - Level 2.0 Dodging
 + Level 4.2 Stealth
 + Level 1.3 Shields
 - Level 2.0 Spellcasting
 - Level 1.0 Conjurations
 - Level 3.0 Air Magic


You had 5 spell levels left.
You knew the following spells:

 Your Spells              Type           Power        Failure   Level  Hunger
a - Shock                 Conj/Air       ####         1%          1    #......


Dungeon Overview and Level Annotations

Branches:
Dungeon (3/15)

Altars:

Annotations:
D:2 Sigmund


Innate Abilities, Weirdness & Mutations

You cannot wear most types of armour.
You are very stealthy in the water. (Stealth+)
You are amphibious.
You can wear up to eight rings at the same time.
You can use your tentacles to constrict eight enemies at once.
Your skin changes colour to match your surroundings (Stealth+).
Your rubbery body absorbs attacks. (AC +1, EV +1)
One of your tentacles bears a spike.
Your magical capacity is low. (-10% MP)
Your spells are a little harder to cast, but a little more powerful.


Message History

The hobgoblin throws a stone.
The stone misses you.
Sigmund casts a spell.
Sigmund flickers and vanishes!
You see here a stone.
The frilled lizard closely misses you. x2
The leopard gecko closely misses you.
The hobgoblin throws a stone.
The leopard gecko barely misses you. Something hits you!
Ouch! That really hurt!
* * * LOW HITPOINT WARNING * * *
It was a potion of lignification.
You turn into a tree.
Your roots penetrate the ground.
You feel less confused.
The leopard gecko bites you but does no damage.
The hobgoblin throws a stone.
The frilled lizard bites you but does no damage.
You block the leopard gecko's attack. Something hits you but does no damage.
The frilled lizard bites you but does no damage.
It was a potion of degeneration.
There was something very wrong with that liquid.
You feel weakened.
You feel dopey.
You feel clumsy.
The leopard gecko bites you but does no damage.
The hobgoblin throws a stone.
The stone hits you but does no damage.
The frilled lizard bites you but does no damage.
Something hits you but does no damage.
The leopard gecko bites you but does no damage.
It was a potion of invisibility.
You fade into invisibility!
The hobgoblin throws a stone.
The stone hits you but does no damage.
The leopard gecko bites you but does no damage.
The frilled lizard bites you but does no damage.
Something hits you but does no damage.
The leopard gecko bites you but does no damage.
The frilled lizard bites you but does no damage.
You are very lightly contaminated with residual magic.
It was a potion of brilliance.
You feel clever all of a sudden.
The hobgoblin throws a stone.
The stone barely misses you. You block the leopard gecko's attack.
The frilled lizard bites you but does no damage.
Something hits you but does no damage.
Unknown command.
You barely miss the leopard gecko.
The hobgoblin throws a stone.
You block the leopard gecko's attack.
The hobgoblin throws a stone.
The stone hits you but does no damage. Something hits you but does no damage.
The frilled lizard bites you but does no damage.
Unknown command.
You closely miss the leopard gecko.
Your transformation is almost over.
The leopard gecko bites you but does no damage.
The frilled lizard bites you but does no damage.
The leopard gecko bites you but does no damage.
Something hits you but does no damage.
The hobgoblin throws a stone.
The stone hits you but does no damage.
Unknown command.
You hit the leopard gecko.
The leopard gecko is moderately wounded.
The leopard gecko bites you.
* * * LOW HITPOINT WARNING * * *
The frilled lizard bites you but does no damage.
Something hits you but does no damage. You block the leopard gecko's attack.
The frilled lizard bites you but does no damage.
You hit the hobgoblin but do no damage.
The hobgoblin is moderately wounded.
The leopard gecko bites you but does no damage.
The hobgoblin hits you but does no damage.
The frilled lizard bites you but does no damage.
The leopard gecko bites you but does no damage.
Unknown command.
You hit the hobgoblin.
The hobgoblin is almost dead.
The hobgoblin hits you but does no damage.
You block the frilled lizard's attack. Something hits you but does no damage.
The leopard gecko bites you but does no damage.
The hobgoblin hits you with a club.
* * * LOW HITPOINT WARNING * * *
Okay, then.
You barely miss something. You block the leopard gecko's attack.
The leopard gecko bites you but does no damage.
The frilled lizard bites you but does no damage.
Unknown command.
You closely miss the leopard gecko.
The leopard gecko is moderately wounded.
The frilled lizard bites you but does no damage.
The frilled lizard barely misses you.
The hobgoblin throws a stone.
The stone hits the leopard gecko.
Unknown command.
You catch the helpless frilled lizard completely off-guard!
You puncture the frilled lizard!
You kill the frilled lizard!
You feel less wooden.
There is a stone staircase leading up here.
Unknown command.
You catch the helpless hobgoblin completely off-guard!
You puncture the hobgoblin!
You kill the hobgoblin!
A puff of flame appears from out of thin air!
The puff of flame hits you!
Ouch! That really hurt!
You die...

#.# ##........(##.(#..
#.# #........@.##.....
#.###.......(..##..#.#
#..# #........(###.#..
##.#####..###(## #..#.
## ##.........).#(#
##.#.
...###.......(...?.†#
.#.
....................##
#.#.
...........@)(l......#
#...................
#...............####
.....................
....#..................
.>. ##.............#...
.. ##.....#.....##... .
##.#######.(# #.# .#


You could see a leopard gecko (wandering).

Vanquished Creatures
  An adder (D:2)
  An adder zombie (D:1)
  2 dart slugs
  3 leopard geckos
  2 bats
  3 giant cockroaches
  7 hobgoblins
  2 jackals (D:2)
  2 frilled lizards (D:2)
  2 goblins
  A kobold (D:2)
  A leopard gecko zombie (D:1)
  8 rats
35 creatures vanquished.

Notes
Turn   | Place    | Note
-------+----------+-------------------------------------------
     0 | D:1      | tidbits the Octopode Air Elementalist began the quest for the Orb.
     0 | D:1      | Reached XP level 1. HP: 11/11 MP: 3/3
    36 | D:1      | Reached skill level 3 in Stealth
   118 | D:1      | Reached skill level 1 in Fighting
   118 | D:1      | Reached XP level 2. HP: 15/18 MP: 1/5
   489 | D:1      | Reached XP level 3. HP: 22/23 MP: 2/6
   517 | D:1      | Gained mutation: Your spells are a little harder to cast, but a little more powerful. [potion of mutation]
   517 | D:1      | Gained mutation: Your magical capacity is low. (-10% MP) [potion of mutation]
   517 | D:1      | Gained mutation: One of your tentacles bears a spike. [potion of mutation]
   658 | D:2      | Reached skill level 4 in Stealth
   658 | D:2      | Reached skill level 1 in Shields
   790 | D:2      | Noticed Sigmund
   830 | D:2      | HP: 2/24 [something (12)]
   837 | D:2      | HP: 2/36 [leopard gecko (2)]
   845 | D:2      | Killed from afar by Sigmund

Skill      XL: |  1  2  3 |
---------------+----------+-----
Stealth        | 3 4 |  4.2
Fighting       | 1 |  1.9
Shields        | 1 |  1.3
Dodging        | |  2.0
Spellcasting   | |  2.0
Conjurations   | |  1.0
Air Magic      | |  3.0

Action                   || total
-------------------------++-------
Melee: Unarmed           ||    36
       Constrict         ||    18
       Tentacles         ||     9
       Dagger            ||    37
       Kick              ||    10
 Cast: Shock             ||    27
  Use: Scroll            ||     3
       Potion            ||     6
 Stab: Sleeping          ||     5
       Distracted        ||     1
       Invisible         ||     2
Armor: Skin              ||    44
Dodge: Dodged            ||    53
Block: Buckler           ||    12

Table legend:
 A = Turns spent in this place as a percentage of turns spent in the entire game.
 B = Non-inter-level travel turns spent in this place as a percentage of non-inter-level travel turns spent in the entire game.
 C = Inter-level travel turns spent in this place as a percentage of turns spent in this place.
 D = Turns resting spent in this place as a percentage of non-inter-level travel turns spent in this place.
 E = Turns spent auto-exploring this place as a percentage of non-inter-level travel turns spent in this place.
 F = Non-inter-level travel turns spent in this place divided by the number of levels of this place that you've seen.
                   A       B       C       D       E      F
               +-------+-------+-------+-------+-------+----------------------
         Total | 100.0 | 100.0 |   7.9 |   0.0 |   0.0 | 259.3
       Dungeon | 100.0 | 100.0 |   7.9 |   0.0 |   0.0 | 259.3
               +-------+-------+-------+-------+-------+----------------------

Table legend:
 A = Kills in this place as a percentage of kills in entire the game.
 B = Kills by you in this place as a percentage of kills by you in the entire game.
 C = Kills by friends in this place as a percentage of kills by friends in the entire game.
 D = Other kills in this place as a percentage of other kills in the entire game.
 E = Experience gained in this place as a percentage of experience gained in the entire game.
 F = Experience gained in this place divided by the number of levels of this place that you have seen.
                   A       B       C       D       E      F
               +-------+-------+-------+-------+-------+----------------------
         Total | 100.0 | 100.0 |   N/A |   N/A | 100.0 |  26.0
       Dungeon | 100.0 | 100.0 |   N/A |   N/A | 100.0 |  26.0
               +-------+-------+-------+-------+-------+----------------------

Vault maps used:
D:1:      saegor_arrival_fortress
D:2:      uniq_sigmund
D:3:      grunt_temple_overflow_forces_of_nature, led_sif_pool, uniq_ijyb,
          uniq_purgy
